 Dungeon Crawl Stone Soup version 0.24.0-125-gc4c63601f3 (webtiles) character file.

Game seed: 6867126951724221035, levelgen mode: deterministic

46 nightchill the Stinger (level 3, 0/24 HPs)
             Began as a Vampire Venom Mage on Feb 28, 2020.
             Succumbed to an adder's poison
             ... on level 2 of the Dungeon.
             The game lasted 00:05:12 (1302 turns).

nightchill the Stinger (Vampire Venom Mage)         Turns: 1302, Time: 00:05:13

Health: 0/24       AC:  2    Str:  8    XL:     3   Next: 46%
Magic:  0/6        EV: 12    Int: 17    God:
Gold:   138        SH:  0    Dex: 14    Spells: 2/6 levels left

rFire    . . .     SeeInvis +   b - +0 dagger
rCold    . . .     Gourm    .   (no shield)
rNeg     . . .     Faith    .   a - +0 robe
rPois    .         Spirit   .   (no helmet)
rElec    .         Reflect  .   (no cloak)
rCorr    .         Harm     .   (no gloves)
MR       .....                  (no boots)
Stlth    ++........             (no amulet)
HPRegen  0.28/turn              (no ring)
MPRegen  0.10/turn              (no ring)

@: lethally poisoned (0 -> -5), very slightly contaminated, regenerating quickly
A: no food, fangs 3, see invisible, unbreathing
a: Exsanguinate


You were on level 2 of the Dungeon.
You were alive.

You visited 1 branch of the dungeon, and saw 2 of its levels.

You collected 138 gold pieces.

Inventory:

Hand Weapons
 b - a +0 dagger (weapon)
Missiles
 d - 10 stones (quivered)
Armour
 a - a +0 robe (worn)
 g - a +0 buckler
Scrolls
 h - a scroll of enchant armour {unknown}
 i - a scroll of blinking {unknown}
 j - a scroll of identify {unknown}
Potions
 c - 2 potions of curing {unknown}
 e - a potion of brilliance {unknown}
 f - a potion of flight {unknown}


   Skills:
 + Level 1.3 Short Blades
 - Level 2.1 Dodging
 - Level 3.0 Stealth
 - Level 2.0 Spellcasting
 + Level 1.2 Conjurations
 * Level 3.5 Poison Magic


You had 2 spell levels left.
You knew the following spells:

 Your Spells              Type           Power        Failure   Level  Hunger
a - Sting                 Conj/Pois      #...         8%          1    N/A
b - Mephitic Cloud        Conj/Pois/Air  #.......     30%         3    N/A

Your spell library contained the following spells:

 Spells                   Type           Power        Failure   Level  Hunger
 Poisonous Vapours        Pois/Air       #.....       14%         2    N/A
 Olgreb's Toxic Radiance  Pois           ##......     41%         4    N/A
 Venom Bolt               Conj/Pois      #.........   90%         5    N/A

Dungeon Overview and Level Annotations

Branches:
Dungeon (2/15)

Altars:


Innate Abilities, Weirdness & Mutations

You do not eat.
Your natural rate of healing is unusually fast.
You have razor-sharp teeth.
You have supernaturally acute eyesight. (SInv)
You can survive without breathing.


Message History

The adder is almost dead.
* * * LOW HITPOINT WARNING * * *
You feel sick. The adder barely misses you.
You hit the adder.
You kill the adder!
* * * LOW HITPOINT WARNING * * *
You feel sick.
There is a lethal amount of poison in your body!
Okay, then.
Keep bloodletting?
* * * LOW HITPOINT WARNING * * *
You feel sick.
You begin bloodletting.
You continue bloodletting.
* * * LOW HITPOINT WARNING * * *
You feel sick.
You continue bloodletting.
* * * LOW HITPOINT WARNING * * *
You feel sick.
You continue bloodletting.
You die...

#.........#..####.####
#.........#..........†
........ ##.####.####
..#.##.##.#####.......<#.
r......).......#####.###.
.#.###.#.#####[# ##.....
#.#.# #.# #...... #.#.#
#.# #...... #+#@# ###
####### #..[...†#
#.......# #........
#........ ##.?......
##...#..# ##....##


There were no monsters in sight!

Vanquished Creatures
  An adder (D:2)
  A worm (D:2)
  2 dart slugs (D:1)
  A leopard gecko (D:2)
  2 bats (D:1)
  5 goblins (D:1)
  3 hobgoblins
  2 frilled lizards (D:1)
  6 kobolds
  6 rats (D:1)
29 creatures vanquished.

Notes
Turn   | Place    | Note
-------+----------+-------------------------------------------
     0 | D:1      | nightchill the Vampire Venom Mage began the quest for the
                  | Orb.
     0 | D:1      | Reached XP level 1. HP: 13/13 MP: 3/3
   227 | D:1      | Reached XP level 2. HP: 19/19 MP: 3/5
   426 | D:1      | Reached skill level 1 in Conjurations
   632 | D:1      | Reached skill level 1 in Short Blades
   802 | D:1      | Reached XP level 3. HP: 19/24 MP: 2/6
   843 | D:1      | Learned a level 3 spell: Mephitic Cloud
  1300 | D:2      | HP: 1/24 [poisoned by an adder]
  1302 | D:2      | Succumbed to an adder's poison

Levels and vault maps discovered:
D:1:      mrwooster_arrival_arrow, layout_basic, minmay_small_reverse_x
D:2:      layout_basic, overflow_temple_1_default, tso_oasis_becter,
          lemuel_crystal_altar, uniq_crazy_yiuf_cottage, uniq_robin

Skill      XL: |  1  2 |
---------------+-------+-----
Poison Magic   | 3 |  3.5
Conjurations   | 1 |  1.2
Short Blades   | 1 |  1.3
Dodging        | |  2.1
Stealth        | |  3.0
Spellcasting   | |  2.0

Action                   || total
-------------------------++-------
Melee: Unarmed           ||    11
       Dagger            ||    98
       Bite              ||     6
 Cast: Sting             ||    31
       Mephitic Cloud    ||     1
 Abil: Exsanguinate      ||     1
 Stab: Sleeping          ||     1
       Confused          ||     2
Armor: Robe              ||    24
Dodge: Dodged            ||   118
